 Dungeon Crawl Stone Soup version 0.23-a0-319-gb40ba49 (webtiles) character file.

205 Amnesiac the Digger (level 5, -4/42 HPs)
             Began as a Deep Dwarf Earth Elementalist on Oct 14, 2018.
             Killed by miscasting Lee's Rapid Deconstruction (10 damage)
             ... on level 4 of the Dungeon.
             The game lasted 00:04:59 (1033 turns).

Amnesiac the Digger (Deep Dwarf Earth Elementalist) Turns: 1033, Time: 00:05:00

Health: -4/42      AC:  3    Str: 11    XL:     5   Next: 52%
Magic:  1/9        EV: 12    Int: 17    God:
Gold:   61         SH:  0    Dex: 13    Spells: 2/10 levels left

rFire    . . .     SeeInvis .   h - +0 club
rCold    . . .     Gourm    .   (no shield)
rNeg     . . .     Faith    .   c - +0 robe
rPois    .         Spirit   .   (no helmet)
rElec    .         Reflect  .   f - +0 cloak
rCorr    .         Harm     .   (no gloves)
MR       .....                  (no boots)
Stlth    ++........             (no amulet)
HPRegen  0.00/turn              (no ring)
MPRegen  0.11/turn              (no ring)

@: very slightly contaminated, non-regenerating
A: damage resistance, heal wounds, sense surroundings 1, no regeneration
a: Heal Wounds


You were on level 4 of the Dungeon.
You were not hungry.

You visited 1 branch of the dungeon, and saw 4 of its levels.
You also visited: Sewer.

You collected 61 gold pieces.

Inventory:

Hand Weapons
 h - a +0 club (weapon)
Missiles
 b - 57 stones (quivered)
Armour
 c - a +0 robe (worn)
 f - a +0 cloak (worn)
Wands
 j - a wand of acid (8)
Scrolls
 n - a scroll of teleportation {!r}
 o - a scroll of fog {!r}
Potions
 a - 2 potions of flight {!q}
 e - a potion of haste {!q}
 m - a potion of brilliance {!q}
Comestibles
 d - a ration
 g - 3 chunks of flesh


   Skills:
 - Level 2.1 Dodging
 - Level 2.4 Stealth
 + Level 3.1 Spellcasting
 - Level 0.8 Transmutations
 * Level 7.1 Earth Magic


You had 2 spell levels left.
You knew the following spells:

 Your Spells              Type           Power        Failure   Level  Hunger
a - Sandblast             Erth           ####..       1%          1    None
b - Passwall              Tmut/Erth      ###.....     4%          2    ##.....
d - Lee's Rapid Deconstr  Erth           ####......   26%         5    ######.

Your spell library contained the following spells:

 Spells                   Type           Power        Failure   Level  Hunger
 Stone Arrow              Conj/Erth      ##....       12%         3    ###....
 Petrify                  Tmut/Erth      ###.....     32%         4    ####...


Dungeon Overview and Level Annotations

Branches:
Dungeon (4/15)
 Temple: D:4-7

Altars:


Innate Abilities, Weirdness & Mutations

You are resistant to damage.
You can heal yourself by infusing magical energy.
You passively map a small area around you.
You do not regenerate.


Message History

There is a stone staircase leading down here.
You climb downwards.
There is a stone staircase leading up here.
Okay, then.
Okay, then.
Really read
i - a scroll labeled KETEMU SUANT {!r}?
As you read the scroll labeled KETEMU SUANT {!r}, it crumbles to dust.
It is a scroll of amnesia.
Okay, then.
Unknown command.
Really read
k - a scroll labeled COLYISTU XASICLOH {!r}?
As you read the scroll labeled COLYISTU XASICLOH {!r}, it crumbles to dust.
You assume a fearsome visage.
Nothing appears to happen.
It was a scroll of fear {!r}.
Really read
l - a scroll labeled PONYSS FETIGH {!r}?
As you read the scroll labeled PONYSS FETIGH {!r}, it crumbles to dust.
Your +0 club glows shimmering orange for a moment.
It was a scroll of random uselessness {!r}.
Some of the chunks of flesh in your inventory have rotted away.
The worker ant is too close now for your liking.
Casting: Sandblast (safe; 1% risk of failure)
Confirm with . or Enter, or press ? or * to list all spells.
Aiming: Lee's Rapid Deconstruction (quite dangerous; 26% risk of failure)
Press: ? - help, Dir - move target cursor A rock wall.
The wall shatters!
The blast of rock fragments hits the worker ant.
The worker ant is heavily wounded.
The worker ant twitches its antennae in your direction.
You hear a bark!
Unknown command.
Casting: Lee's Rapid Deconstruction (quite dangerous; 26% risk of failure)
Confirm with . or Enter, or press ? or * to list all spells.
You can't see any susceptible monsters within range! (Use Z to cast anyway.)
Casting: Lee's Rapid Deconstruction (quite dangerous; 26% risk of failure)
Confirm with . or Enter, or press ? or * to list all spells.
Aiming: Sandblast (safe; 1% risk of failure)
Press: ? - help, Shift-Dir - straight line, f - worker ant
Aim: a worker ant (heavily wounded)
The blast of sand hits the worker ant.
You kill the worker ant!
b - 57 stones
Casting: Sandblast (safe; 1% risk of failure)
Confirm with . or Enter, or press ? or * to list all spells.
You can't see any susceptible monsters within range! (Use Z to cast anyway.)
Casting: Sandblast (safe; 1% risk of failure)
Confirm with . or Enter, or press ? or * to list all spells.
You can't see any susceptible monsters within range! (Use Z to cast anyway.)
Casting: Sandblast (safe; 1% risk of failure)
Confirm with . or Enter, or press ? or * to list all spells.
You can't see any susceptible monsters within range! (Use Z to cast anyway.)
You start resting.
A jackal comes into view.
You start resting.
An iguana comes into view.
Casting: Sandblast (safe; 1% risk of failure)
Confirm with . or Enter, or press ? or * to list all spells.
Aiming: Lee's Rapid Deconstruction (quite dangerous; 26% risk of failure)
Press: ? - help, Dir - move target cursor A rock wall.
You miscast Lee's Rapid Deconstruction.
You are very lightly contaminated with residual magic.
You are hit by flying rocks!
You die...

##### #.@<#
#...# * #######
#...# #......##
##...# ,
........###.l..#
.........##....#
.........#.....#
.......".......#
..........##...#


You could see an iguana (wandering).

Vanquished Creatures
  Purgy (Sewer)
  3 worker ants
  An adder (D:3)
  3 leopard geckos (D:3)
  An orc (D:3)
  5 ball pythons (Sewer)
  5 giant cockroaches (D:3)
  A hobgoblin (D:2)
  A kobold (D:3)
  A bat (D:3)
  5 frilled lizards
  2 rats (D:3)
29 creatures vanquished.

Notes
Turn   | Place    | Note
-------+----------+-------------------------------------------
     0 | D:1      | Amnesiac the Deep Dwarf Earth Elementalist began the quest
                  | for the Orb.
     0 | D:1      | Reached XP level 1. HP: 15/15 MP: 3/3
   282 | D:3      | Reached XP level 2. HP: 22/22 MP: 0/5
   286 | D:3      | Learned a level 2 spell: Passwall
   289 | D:3      | Found a glowing drain.
   354 | Sewer    | Entered a sewer
   460 | Sewer    | Noticed Purgy
   471 | Sewer    | Reached skill level 5 in Earth Magic
   627 | Sewer    | Killed Purgy
   627 | Sewer    | Reached skill level 6 in Earth Magic
   627 | Sewer    | Reached XP level 3. HP: 10/28 MP: 0/7
   627 | Sewer    | Reached XP level 4. HP: 13/36 MP: 0/8
   750 | D:3      | Reached XP level 5. HP: 15/42 MP: 3/9
   760 | D:3      | Learned a level 5 spell: Lee's Rapid Deconstruction
   846 | D:4      | Reached skill level 7 in Earth Magic
  1033 | D:4      | Killed by miscasting Lee's Rapid Deconstruction

Vault maps used:
D:1:      dpeg_arrival_connections
D:3:      gup_sewer_entry_pipe
D:4:      first_ration, minmay_lizard_king
Sewer:    sewer_co_purgy_island

Skill      XL: |  1  2  3  4  5 |
---------------+----------------+-----
Spellcasting   | 2 3 |  3.1
Earth Magic    | 6 7 |  7.1
Dodging        | |  2.1
Stealth        | |  2.4
Transmutations | |  0.8

Action                   |  1- 3 |  4- 6 || total
-------------------------+-------+-------++-------
Melee: Club              |    59 |     1 ||    60
 Cast: Sandblast         |    24 |    20 ||    44
       Lee's Rapid Decon |       |     1 ||     1
  Use: Scroll            |     5 |     3 ||     8
       Potion            |     4 |     1 ||     5
  Eat: Chunk             |       |     1 ||     1
Armor: Robe              |    26 |     2 ||    28
Dodge: Dodged            |    62 |     3 ||    65

Table legend:
 A = Non-vault XP
 B = Vault XP
 C = Vault XP percentage of total XP
 D = Non-vault monster count
 E = Vault monster count
 F = Vault count percentage of total count
                 A         B        C        D         E       F
            +---------+---------+-------+---------+---------+-------
      Total |     125 |     168 |  57.3 |      12 |      17 |  58.6
            +---------+---------+-------+---------+---------+-------
        D:2 |       2 |       0 |   0.0 |       1 |       0 |   0.0
        D:3 |      55 |      19 |  25.7 |       9 |       8 |  47.1
        D:4 |      68 |       0 |   0.0 |       2 |       0 |   0.0
      Sewer |       0 |     149 | 100.0 |       0 |       9 | 100.0
            +---------+---------+-------+---------+---------+-------
